 Dungeon Crawl Stone Soup version 0.29.0-4-gdea44cf6ec (webtiles) character file.

Game seed: 131186613806122922

0 qw the Sneak (level 1, 0/14 HPs)
             Began as a Gargoyle Delver on Sept 10, 2022.
             Slain by a jackal (2 damage)
             ... on level 5 of the Dungeon.
             The game lasted 00:00:01 (18 turns).

qw the Sneak (Gargoyle Delver)                        Turns: 18, Time: 00:00:01

Health: 0/14       AC:  5    Str: 15    XL:     1   Next: 0%
Magic:  1/1        EV: 11    Int: 10    God:
Gold:   0          SH:  0    Dex: 11    Spells: 0/0 levels left

rFire   . . .      SeeInvis .   a - +0 hand axe
rCold   . . .      Faith    .   (no shield)
rNeg    + . .      Spirit   .   b - +0 leather armour
rPois   inf        Reflect  .   (no helmet)
rElec   +          Harm     .   (no cloak)
rCorr   .          Rampage  .   (no gloves)
Will    .....                   (no boots)
Stlth   +++.......              (no amulet)
HPRegen 0.04/turn               (no ring)
MPRegen 0.07/turn               (no ring)

@: no status effects
A: sickness immunity, AC +2, negative energy resistance 1, electricity
resistance, torment resistance 1, petrification resistance
a: no special abilities


You were on level 5 of the Dungeon.
You visited 1 branch of the dungeon, and saw 1 of its levels.


Innate Abilities, Weirdness & Mutations

You are immune to sickness and miasma.
Your stone body is resilient. (AC +2)
You are immune to poison.
You resist negative energy. (rN+)
You are resistant to electric shocks. (rElec)
You are resistant to unholy torment.
You are immune to petrification.


   Skills:
 - Level 3.2 Fighting
 + Level 1.7 Axes
 - Level 1.5 Dodging
 - Level 5.4 Stealth


You couldn't memorise any spells.
You didn't know any spells.
Your spell library was empty.

Inventory:

Hand Weapons
 a - a +0 hand axe (weapon)
Armour
 b - a +0 leather armour (worn)
Wands
 g - a wand of digging (3)
Potions
 f - a potion of haste

Dungeon Overview and Level Annotations

Branches:
Dungeon (5/15)
 Temple: D:4-7

Altars:


Message History

7 ||| DROPPING scroll of fear.
You drop a scroll of fear.
(D) Dungeon
Where to? (* - list waypoints, ? - help)
What level of the Dungeon? (default 1, ? - help)
A quokka comes into view.
9 ||| FLEEEEING.
A jackal comes into view.
The jackal barks!
A jackal comes into view.
The jackal barks!
You hit the quokka but do no damage. The quokka barely misses you.
You hit the quokka but do no damage.
The quokka bites you but does no damage.
The quokka closely misses you.
You barely miss the quokka. You barely miss the jackal.
The jackal bites you but does no damage.
The quokka bites you.
You completely miss the quokka. You hit the jackal. The quokka bites you.
The jackal closely misses you. The jackal misses you.
You hit the jackal.
The jackal is severely wounded.
You hit the jackal. You closely miss the quokka.
The quokka completely misses you. The jackal bites you. The jackal misses you.
The quokka closely misses you.
You barely miss the jackal.
The jackal is severely wounded.
You hit the quokka. You barely miss the jackal. The jackal closely misses you.
The jackal bites you but does no damage.
The quokka barely misses you.
The jackal bites you but does no damage.
The jackal barely misses you.
You completely miss the quokka.
The quokka is severely wounded.
You miss the jackal. You hit the jackal.
You kill the jackal!
The quokka bites you. The jackal barely misses you.
The quokka barely misses you. The jackal bites you.
You die...

....## ......
#...... .......
##.......
###........
####...r......
####...?.@h...[..
####....>...........
#........###........
........## #........
........# ##.......
.#......# ....<..
........# .>.....
.......## .......
...#### .....


You could see a quokka and a jackal.

Vanquished Creatures
  A jackal (D:5)
1 creature vanquished.

Notes
Turn   | Place    | Note
-------+----------+-------------------------------------------
     0 | D:5      | qw the Gargoyle Delver began the quest for the Orb.
     0 | D:5      | Reached XP level 1. HP: 14/14 MP: 1/1
     0 | D:5      | 0 ||| qw: Version: 0.1-a-117-gfe26ee0
     0 | D:5      | 0 ||| qw: Game counter: 9607
     0 | D:5      | 0 ||| qw: Always use a shield: true
     0 | D:5      | 0 ||| qw: God list: Okawaru
     0 | D:5      | 0 ||| qw: Allow faded altars: false
     0 | D:5      | 0 ||| qw: Do Orc after D:15 true
     0 | D:5      | 0 ||| qw: Do second Lair branch before Depths: true
     0 | D:5      | 0 ||| qw: Lair rune preference: random
     0 | D:5      | 0 ||| qw: Plans: Normal
     0 | D:5      | 0 ||| PLANNING D:1-11
     5 | D:5      | 5 ||| DROPPING scroll of fog.
     6 | D:5      | 6 ||| DROPPING scroll of magic mapping.
     7 | D:5      | 7 ||| DROPPING scroll of fear.
     9 | D:5      | 9 ||| FLEEEEING.
    18 | D:5      | HP: 2/14 [quokka (3)]
    18 | D:5      | Slain by a jackal

Levels and vault maps discovered:
D:5:      layout_cave_pods, trog_book, nicolae_vehumet_altar_sigil,
          mainiacjoe_overflow_catwalk_spiral, lightli_temple_of_fire,
          uniq_eustachio

Action                   || total
-------------------------++-------
Melee: Hand axe          ||     7
Armor: Leather armour    ||     4
Dodge: Dodged            ||    12

Table legend:
 A = Non-vault XP
 B = Vault XP
 C = Vault XP percentage of total XP
 D = Non-vault monster count
 E = Vault monster count
 F = Vault count percentage of total count
                 A         B        C        D         E       F
            +---------+---------+-------+---------+---------+-------
      Total |       2 |       0 |   0.0 |       1 |       0 |   0.0
            +---------+---------+-------+---------+---------+-------
        D:5 |       2 |       0 |   0.0 |       1 |       0 |   0.0
            +---------+---------+-------+---------+---------+-------
